[Event "Titled Tuesday Blitz June 13 Early 2023"]
[White "Semenova, Alina"]
[Black "Devaev, Alexander"]
[WhiteFideId "24113875"]
[BlackFideId "4169395"]
[WhiteElo "1833"]
[BlackElo "2172"]
[Result "1-0"]
[Round "1"]
[TimeControl "180+2"]
[Date "2023.06.13"]
[WhiteClock "0:00:01"]
[BlackClock "0:00:00"]
[Board "229"]

1. e4 c6 2. d4 d5 3. Nd2 dxe4 4. Nxe4 Bf5 5. Ng3 Bg6 6. Nf3 Nd7 7. h4 h6 8. h5 Bh7 9. Bd3 Bxd3 10. Qxd3 Qc7 11. Bd2 e6 12. O-O-O Ngf6 13. Ne4 O-O-O 14. Kb1 c5 15. Nxf6 Nxf6 16. Qc4 Rd5 17. Be3 Ng4 18. dxc5 Nxe3 19. fxe3 Rxc5 20. Qa4 Be7 21. Qxa7 Ra5 22. Qd4 Bf6 23. Qe4 Qb6 24. Nd4 Rd8 25. Rd3 Kb8 26. Rhd1 Rc8 27. Nb3 Rxh5 28. Rd6 Qb5 29. a4 Qc4 30. Qxc4 Rxc4 31. a5 Re5 32. a6 bxa6 33. Rxa6 Rxe3 34. Rb6+ Kc7 35. Ra6 Kb7 36. Rad6 Be5 37. Rd7+ Rc7 38. Rxc7+ Kxc7 39. Rf1 f5 40. Nc1 h5 41. Nd3 Bd6 42. b4 h4 43. Kb2 g5 44. Kb3 g4 45. b5 Re2 46. Rh1 Bg3 47. c4 Rxg2 48. c5 h3 49. Nb4 Rd2 50. b6+ Kb7 51. Kc4 Bf2 52. Kb5 Rb2 53. c6+ Kb8 54. Rd1 Bxb6 55. Rd7 1-0


[Site "https://www.chess.com"]

[Event "Titled Tuesday Blitz June 13 Early 2023"]
[White "Manukian, Artak"]
[Black "Skiadopoulos, Nikolaos"]
[WhiteFideId "13301373"]
[BlackFideId "4200772"]
[WhiteElo "2130"]
[BlackElo "2022"]
[Result "1-0"]
[Round "1"]
[TimeControl "180+2"]
[Date "2023.06.13"]
[WhiteClock "0:00:35"]
[BlackClock "0:00:32"]
[Board "230"]

1. e4 c5 2. Nf3 Nc6 3. c3 Nf6 4. e5 Nd5 5. d4 cxd4 6. cxd4 g6 7. Nc3 Nxc3 8. bxc3 Bg7 9. h4 h5 10. Bd3 d6 11. exd6 Qxd6 12. O-O Bg4 13. a4 O-O 14. Ba3 Qf6 15. Be4 Rac8 16. Qb1 Bxf3 17. Bxf3 b6 18. Qe4 Rfe8 19. Rfe1 Na5 20. Bxe7 Rxe7 21. Qxe7 Qxe7 22. Rxe7 Rxc3 23. Rd1 a6 24. Bd5 Nc6 25. Rxf7 Kh8 26. Rc7 Nxd4 27. Rxc3 Ne2+ 28. Kf1 Nxc3 29. Rd3 Nxa4 30. Be4 Nc5 31. Rd8+ Kh7 32. Bc2 Bf6 33. Rd6 Bxh4 34. Rxg6 Kh8 35. Rxb6 Be7 36. Rh6+ Kg7 37. Rxh5 a5 38. Ke2 a4 39. Rh3 Kf6 40. Kd1 Ne6 41. Bxa4 Nd4 42. Rd3 Ke5 43. g3 Ke4 44. Re3+ 1-0


[Site "https://www.chess.com"]

[Event "Titled Tuesday Blitz June 13 Early 2023"]
[White "Sanchez, Robert"]
[Black "Chos, Alexey"]
[WhiteFideId "2034360"]
[BlackFideId "14117762"]
[WhiteElo "1905"]
[BlackElo "2234"]
[Result "0-1"]
[Round "1"]
[TimeControl "180+2"]
[Date "2023.06.13"]
[WhiteClock "0:00:08"]
[BlackClock "0:00:58"]
[Board "231"]

1. Nf3 g6 2. e4 Bg7 3. Bc4 d6 4. Nc3 Nf6 5. d3 O-O 6. h3 c6 7. a4 d5 8. exd5 cxd5 9. Bb3 Nc6 10. O-O e5 11. Bg5 Be6 12. Re1 Qc7 13. Bxf6 Bxf6 14. Nxd5 Bxd5 15. Bxd5 Nb4 16. Bb3 Rad8 17. Qe2 Rfe8 18. Qe4 a5 19. Rac1 Kg7 20. h4 h6 21. h5 g5 22. Qf5 Qc8 23. Qe4 g4 24. Nd2 Rd4 25. Qe2 g3 26. Ne4 Bh4 27. fxg3 Be7 28. c3 Nxd3 29. cxd4 Nxc1 30. Qf3 Nxb3 31. Qxb3 exd4 32. Rf1 Qe6 33. Qd3 Rd8 34. g4 Qxg4 35. Ng3 Bg5 36. Nf5+ Kg8 37. Rf3 Qxh5 38. Rh3 Qg6 39. Rg3 Kh8 40. Qe4 Qc6 41. Qe5+ Qf6 42. Qe4 Qe6 43. Qg4 0-1


[Site "https://www.chess.com"]

[Event "Titled Tuesday Blitz June 13 Early 2023"]
[White "Kochiev, Ivan"]
[Black "Vargas, Mauricio"]
[WhiteFideId "2917890"]
[BlackFideId "4404572"]
[WhiteElo "2287"]
[BlackElo "1986"]
[Result "1-0"]
[Round "1"]
[TimeControl "180+2"]
[Date "2023.06.13"]
[WhiteClock "0:02:09"]
[BlackClock "0:01:35"]
[Board "232"]

1. e4 c5 2. Nf3 Nc6 3. Bb5 g6 4. O-O Bg7 5. c3 a6 6. Bxc6 dxc6 7. d4 cxd4 8. cxd4 Bg4 9. Be3 Nf6 10. Nc3 Kf8 11. h3 h5 12. hxg4 hxg4 13. Ne5 g3 14. fxg3 e6 15. Qf3 Kg8 16. Nxf7 Kxf7 17. e5 Rc8 18. Ne4 Rc7 19. Nxf6 Bxf6 20. Qxf6+ Kg8 21. Qxd8+ 1-0


[Site "https://www.chess.com"]

[Event "Titled Tuesday Blitz June 13 Early 2023"]
[White "Carlsen, Magnus"]
[Black "Darini, Pouria"]
[WhiteFideId "1503014"]
[BlackFideId "12502200"]
[WhiteElo "2858"]
[BlackElo "2482"]
[Result "1-0"]
[Round "2"]
[TimeControl "180+2"]
[Date "2023.06.13"]
[WhiteClock "0:01:11"]
[BlackClock "0:00:01"]
[Board "1"]

1. e4 c5 2. Nf3 Nc6 3. Bb5 e6 4. O-O Nge7 5. Re1 b6 6. c3 a6 7. Bf1 d5 8. d3 Bb7 9. a4 h6 10. Nbd2 g6 11. e5 Bg7 12. d4 cxd4 13. cxd4 O-O 14. Nb1 Rc8 15. Nc3 Na5 16. h4 Nf5 17. g3 Nc4 18. Bd3 Bc6 19. Ne2 Bb7 20. b3 Na5 21. Nf4 Nc6 22. Bxf5 exf5 23. e6 Kh7 24. Ba3 Re8 25. exf7 Rxe1+ 26. Qxe1 Qf6 27. Qe6 Nxd4 28. Nxd4 Qxd4 29. Qxg6+ Kh8 30. Re1 Bc6 1-0


[Site "https://www.chess.com"]

[Event "Titled Tuesday Blitz June 13 Early 2023"]
[White "Ashraf, Artin"]
[Black "Nihal Sarin"]
[WhiteFideId "22514805"]
[BlackFideId "25092340"]
[WhiteElo "2224"]
[BlackElo "2689"]
[Result "0-1"]
[Round "2"]
[TimeControl "180+2"]
[Date "2023.06.13"]
[WhiteClock "0:00:04"]
[BlackClock "0:02:05"]
[Board "2"]

1. d4 Nf6 2. Nc3 Nc6 3. d5 Nb8 4. e4 d6 5. Nf3 g6 6. Be2 Bg7 7. O-O O-O 8. Nd4 c5 9. Nf3 Bd7 10. a4 Na6 11. h3 Nb4 12. Bc4 Be8 13. Bf4 Nd7 14. Qe2 Nb6 15. Bb3 Rc8 16. a5 c4 17. axb6 cxb3 18. bxa7 Nxc2 19. Rac1 Qa5 20. Be3 Bxc3 21. bxc3 Bb5 22. a8=Q Rxa8 23. c4 Ba6 24. Rb1 Rfc8 25. Rxb3 Bxc4 26. Qxc2 Bxf1 27. Qb2 Qa1 28. Bd4 Bc4+ 29. Qxa1 Rxa1+ 30. Bxa1 Bxb3 0-1


[Site "https://www.chess.com"]

[Event "Titled Tuesday Blitz June 13 Early 2023"]
[White "Nakamura, Hikaru"]
[Black "Manukyan, Sargis V."]
[WhiteFideId "2016192"]
[BlackFideId "13303465"]
[WhiteElo "2874"]
[BlackElo "2236"]
[Result "1-0"]
[Round "2"]
[TimeControl "180+2"]
[Date "2023.06.13"]
[WhiteClock "0:01:39"]
[BlackClock "0:00:00"]
[Board "3"]

1. Nf3 Nf6 2. b3 g6 3. Bb2 Bg7 4. d4 d5 5. e3 O-O 6. c4 a5 7. a3 Ne4 8. Nc3 Nxc3 9. Bxc3 c5 10. Rc1 cxd4 11. Bxd4 dxc4 12. Bxc4 Nc6 13. Bxg7 Qxd1+ 14. Rxd1 Kxg7 15. Bd5 Ra6 16. Rc1 Be6 17. Bxe6 fxe6 18. Ke2 Rb6 19. Rc3 Rf5 20. Rhc1 Rfb5 21. Nd2 h6 22. Rc5 Kf7 23. h4 e5 24. R5c4 Ke6 25. Rg4 Kf7 26. Rc3 Rd5 27. Rgc4 Rd8 28. Rc5 Ke6 29. Nc4 Ra6 30. Rb5 Rd7 31. Nd2 Ra7 32. Ne4 Rd5 33. Nc5+ Rxc5 34. Rcxc5 Ra6 35. Rxb7 Kd6 36. Rcb5 a4 37. b4 1-0


[Site "https://www.chess.com"]

[Event "Titled Tuesday Blitz June 13 Early 2023"]
[White "Ilkhomi, Jaloliddin"]
[Black "Paravyan, David"]
[WhiteFideId "14700948"]
[BlackFideId "4194985"]
[WhiteElo "2045"]
[BlackElo "2563"]
[Result "0-1"]
[Round "2"]
[TimeControl "180+2"]
[Date "2023.06.13"]
[WhiteClock "0:00:15"]
[BlackClock "0:00:34"]
[Board "4"]

1. Nf3 Nf6 2. c4 c5 3. g3 d5 4. cxd5 Nxd5 5. Bg2 Nc6 6. O-O e5 7. d3 Be7 8. Nc3 Be6 9. a3 O-O 10. Qa4 Nb6 11. Qd1 Rc8 12. Be3 f6 13. Rc1 Nd4 14. Ne4 Qd7 15. Qe1 Qb5 16. b4 Nxf3+ 17. Bxf3 cxb4 18. axb4 Nd5 19. Bc5 Qd7 20. Bxe7 Qxe7 21. Nc5 Bf7 22. Qd2 Rc7 23. Bxd5 Bxd5 24. Ne4 Rfc8 25. Rxc7 Qxc7 26. Ra1 Qc2 27. Qe3 b6 28. Rxa7 Qc1+ 29. Qxc1 Rxc1+ 30. Kg2 f5 31. Rd7 Bc6 32. Rd8+ Kf7 33. f3 fxe4 34. fxe4 Ke7 35. Rb8 b5 36. Rb6 Kd6 37. Rb8 Rb1 38. Rg8 Rxb4 39. Rxg7 h5 40. e3 Rb2+ 41. Kf3 Bd7 42. d4 Bg4+ 0-1


[Site "https://www.chess.com"]

[Event "Titled Tuesday Blitz June 13 Early 2023"]
[White "Caruana, Fabiano"]
[Black "Ajay Karthikeyan"]
[WhiteFideId "2020009"]
[BlackFideId "35011685"]
[WhiteElo "2832"]
[BlackElo "2321"]
[Result "1-0"]
[Round "2"]
[TimeControl "180+2"]
[Date "2023.06.13"]
[WhiteClock "0:02:28"]
[BlackClock "0:00:52"]
[Board "5"]

1. e4 c5 2. Nf3 g6 3. c3 Nf6 4. e5 Nd5 5. d4 cxd4 6. Qxd4 Nb6 7. Qh4 Bg7 8. Bh6 Kf8 9. Nbd2 Nc6 10. O-O-O e6 11. Bg5 Qc7 12. Ne4 Nd5 13. Bc4 h6 14. Bf6 g5 15. Bxg7+ Kxg7 16. Qg3 Nce7 17. Bxd5 exd5 18. Nd6 1-0


[Site "https://www.chess.com"]

[Event "Titled Tuesday Blitz June 13 Early 2023"]
[White "Sieciechowicz, Marcin"]
[Black "Fedoseev, Vladimir"]
[WhiteFideId "1130170"]
[BlackFideId "24130737"]
[WhiteElo "2301"]
[BlackElo "2743"]
[Result "0-1"]
[Round "2"]
[TimeControl "180+2"]
[Date "2023.06.13"]
[WhiteClock "0:00:03"]
[BlackClock "0:00:29"]
[Board "6"]

1. d4 Nf6 2. Bf4 g6 3. e3 Bg7 4. Nf3 O-O 5. Be2 b6 6. O-O Bb7 7. h3 c5 8. c3 cxd4 9. exd4 d6 10. Nbd2 Nbd7 11. a4 a6 12. Qb3 Rc8 13. Rfe1 Rc7 14. Rad1 Re8 15. Bh2 Qa8 16. Qa3 Bh6 17. Nc4 Nd5 18. Qb3 Bc6 19. Nxd6 exd6 20. Bxd6 Rcc8 21. c4 Nf4 22. Bxf4 Bxf4 23. d5 Nc5 24. Qxb6 Bxa4 25. Ra1 Bc7 26. Qf6 Ba5 27. Ne5 Qa7 28. Ng4 Bd2 29. Bf3 h5 30. Rxe8+ Bxe8 31. Ne5 Bh6 32. b4 Bg7 33. Qf4 Qb8 34. Re1 Qxb4 35. Qe3 0-1


[Site "https://www.chess.com"]

[Event "Titled Tuesday Blitz June 13 Early 2023"]
[White "Dubov, Daniil"]
[Black "Koshulyan, Egor A."]
[WhiteFideId "24126055"]
[BlackFideId "24237000"]
[WhiteElo "2793"]
[BlackElo "2216"]
[Result "1-0"]
[Round "2"]
[TimeControl "180+2"]
[Date "2023.06.13"]
[WhiteClock "0:00:06"]
[BlackClock "0:00:04"]
[Board "7"]

1. d4 Nf6 2. Nf3 d5 3. Bg5 Ne4 4. Bh4 c5 5. e3 Nc6 6. Nbd2 Bg4 7. Be2 Qb6 8. O-O e6 9. Nxe4 dxe4 10. Nd2 Bxe2 11. Qxe2 cxd4 12. Nxe4 dxe3 13. Rad1 Nd4 14. Qxe3 Nf5 15. Qd3 Qc7 16. Bg3 Nxg3 17. hxg3 Qc6 18. Qd4 f6 19. Rfe1 e5 20. Qd3 Be7 21. Qb3 Rd8 22. Rxd8+ Bxd8 23. g4 Qb6 24. Qa4+ Qc6 25. Qxa7 O-O 26. Qc5 Qa4 27. Qd5+ Kh8 28. Nd6 Qd7 29. Rd1 h6 30. Nxb7 Qxd5 31. Rxd5 Bb6 32. Nd6 Kg8 33. Kf1 Rd8 34. Ke2 Bc7 35. Nf5 Rb8 36. Rd7 Bb6 37. Rxg7+ Kh8 38. Rg6 Bc5 39. Rxh6+ Kg8 40. b3 Kf7 41. Rh7+ Ke6 42. Rc7 Bb6 43. Rc6+ Kf7 44. a4 Ba5 45. f3 Kg6 46. Ne7+ Kg5 47. Nd5 Rd8 48. c4 Rb8 49. Rc5 Bd8 50. Rb5 Rc8 51. Kd3 Kh4 52. Ke4 Kg3 53. a5 Rb8 54. Rxb8 1-0


[Site "https://www.chess.com"]

[Event "Titled Tuesday Blitz June 13 Early 2023"]
[White "Ovetchkin, Roman"]
[Black "Le, Tuan Minh"]
[WhiteFideId "4119991"]
[BlackFideId "12401153"]
[WhiteElo "2398"]
[BlackElo "2566"]
[Result "0-1"]
[Round "2"]
[TimeControl "180+2"]
[Date "2023.06.13"]
[WhiteClock "0:00:00"]
[BlackClock "0:00:14"]
[Board "8"]

1. d4 d5 2. c4 c6 3. Nf3 Nf6 4. Qc2 dxc4 5. e4 Bg4 6. Bxc4 Bxf3 7. gxf3 Qxd4 8. Be3 Qd7 9. Nd2 e6 10. O-O-O Qc7 11. f4 Nbd7 12. Kb1 Be7 13. Rhg1 g6 14. f5 O-O-O 15. fxe6 fxe6 16. Bxe6 Nh5 17. Nc4 Kb8 18. Qc3 Nb6 19. Nxb6 axb6 20. e5 Rhf8 21. Rxd8+ Qxd8 22. Bg4 Nf4 23. Rd1 Nd5 24. Qb3 Qc7 25. Bd4 Bc5 26. Qg3 Rd8 27. Bxc5 bxc5 28. e6 Qxg3 29. hxg3 Kc7 30. Kc1 h5 31. Bh3 g5 32. Re1 Kd6 33. e7 Re8 34. Re6+ Kc7 35. Rg6 g4 36. Bg2 Nxe7 37. Re6 Kd7 38. Re5 Rf8 39. Rxh5 Rxf2 40. Be4 Kd6 41. Rg5 c4 42. Rxg4 b5 43. a3 Kc5 44. Rf4 Rh2 45. Rf7 Nc8 46. Bc2 Nd6 47. Rf4 c3 48. bxc3 Nc4 49. Bd3 Rh1+ 50. Kc2 Rh2+ 0-1


[Site "https://www.chess.com"]

[Event "Titled Tuesday Blitz June 13 Early 2023"]
[White "Sadykov, Ramil"]
[Black "Sarana, Alexey"]
[WhiteFideId "24113590"]
[BlackFideId "24133795"]
[WhiteElo "2245"]
[BlackElo "2714"]
[Result "0-1"]
[Round "2"]
[TimeControl "180+2"]
[Date "2023.06.13"]
[WhiteClock "0:00:05"]
[BlackClock "0:00:34"]
[Board "9"]

1. e4 c5 2. Nf3 d6 3. Bb5+ Bd7 4. Bxd7+ Nxd7 5. c4 Ne5 6. d3 e6 7. Nc3 Ne7 8. Be3 N7c6 9. O-O Nxf3+ 10. Qxf3 g6 11. Qh3 Bg7 12. Bh6 O-O 13. Rad1 Nd4 14. Bxg7 Kxg7 15. Qe3 Qb6 16. Qd2 Rae8 17. Ne2 Nc6 18. d4 e5 19. dxe5 dxe5 20. Nc3 Nd4 21. Nd5 Qd6 22. Rde1 f5 23. exf5 gxf5 24. Qg5+ Kh8 25. Qh5 e4 26. f3 Re6 27. fxe4 Rh6 28. e5 Qa6 29. Qg5 Rg6 30. Qh5 Rfg8 31. Rf2 Qxc4 32. Ne7 Rg5 33. Qh4 Nf3+ 34. Rxf3 Rxg2+ 35. Kh1 Qxh4 36. Nxg8 Qxh2# 0-1


[Site "https://www.chess.com"]

[Event "Titled Tuesday Blitz June 13 Early 2023"]
[White "Andreikin, Dmitry"]
[Black "Veiga, Jose Francisco R P Neves"]
[WhiteFideId "4158814"]
[BlackFideId "1930087"]
[WhiteElo "2736"]
[BlackElo "2319"]
[Result "1-0"]
[Round "2"]
[TimeControl "180+2"]
[Date "2023.06.13"]
[WhiteClock "0:01:48"]
[BlackClock "0:00:05"]
[Board "10"]

1. d4 Nf6 2. c4 e6 3. Nf3 d5 4. g3 h6 5. Bg2 Bd6 6. O-O O-O 7. Nc3 Nc6 8. b3 dxc4 9. bxc4 e5 10. e3 Bg4 11. h3 Bxf3 12. Bxf3 exd4 13. exd4 Qd7 14. Kg2 Rad8 15. Be3 Na5 16. c5 Be7 17. Rb1 b6 18. Qe2 Rfe8 19. Qa6 Nc6 20. Rfd1 Bf8 21. Qa4 Na5 22. Qxd7 Rxd7 23. c6 Rde7 24. Bf4 a6 25. d5 Nc4 26. Rd4 Ne5 27. d6 cxd6 28. Nd5 Nxd5 29. Bxd5 b5 30. a4 Rb8 31. axb5 Rxb5 32. Ra1 Rb6 33. Rda4 Nxc6 34. Be3 Reb7 35. Rxa6 Rxa6 36. Rxa6 Nb8 37. Bxb7 Nxa6 38. Bxa6 f5 39. Bc4+ Kh7 40. Bd3 g6 41. Kf3 Kg7 42. Bd4+ Kf7 43. Bc4+ Ke7 44. Bd5 h5 45. h4 Bh6 46. Be3 Bg7 47. Bg5+ Kd7 48. Bf7 1-0


[Site "https://www.chess.com"]

[Event "Titled Tuesday Blitz June 13 Early 2023"]
[White "Zochowski, Kacper"]
[Black "Duda, Jan-Krzysztof"]
[WhiteFideId "1125494"]
[BlackFideId "1170546"]
[WhiteElo "2235"]
[BlackElo "2783"]
[Result "0-1"]
[Round "2"]
[TimeControl "180+2"]
[Date "2023.06.13"]
[WhiteClock "0:00:34"]
[BlackClock "0:01:50"]
[Board "11"]

1. Nf3 f5 2. d3 d6 3. e4 e5 4. Nc3 c5 5. Nd5 Ne7 6. c4 Nxd5 7. exd5 Be7 8. Be2 O-O 9. O-O Nd7 10. Rb1 b5 11. b4 bxc4 12. dxc4 cxb4 13. Rxb4 Qc7 14. Bg5 Nc5 15. Bxe7 Qxe7 16. Nd2 Bd7 17. Nb3 Ba4 18. Qd2 Bxb3 19. axb3 Qc7 20. Ra1 a6 21. Bd1 e4 22. Bc2 f4 23. Qd4 Rae8 24. Re1 Qa5 25. Qc3 Rb8 26. Ra1 Qxb4 0-1


[Site "https://www.chess.com"]

[Event "Titled Tuesday Blitz June 13 Early 2023"]
[White "Lazavik, Denis"]
[Black "Eugene, Floryan"]
[WhiteFideId "13515110"]
[BlackFideId "20694784"]
[WhiteElo "2560"]
[BlackElo "2369"]
[Result "1-0"]
[Round "2"]
[TimeControl "180+2"]
[Date "2023.06.13"]
[WhiteClock "0:00:27"]
[BlackClock "0:00:03"]
[Board "12"]

1. d4 f5 2. Nf3 Nf6 3. g3 g6 4. Bg2 Bg7 5. O-O O-O 6. c4 d6 7. Nc3 c6 8. d5 e5 9. dxe6 Bxe6 10. b3 Na6 11. Ng5 Qe7 12. Nxe6 Qxe6 13. Bb2 Nc5 14. e3 a5 15. Qc2 a4 16. Rad1 Rfd8 17. Ne2 axb3 18. axb3 Ra2 19. Qb1 Rda8 20. Nc1 Rxb2 21. Qxb2 Nfe4 22. Qc2 Ra3 23. f3 Nc3 24. Rde1 b5 25. cxb5 cxb5 26. Kh1 b4 27. e4 fxe4 28. fxe4 Nxb3 29. Nxb3 Qxb3 30. Qd3 Be5 31. Qf3 Ra8 32. Ra1 Re8 33. Ra7 Qe6 34. Rf7 Bg7 35. Qe3 Nb5 36. Qb6 Nc3 37. Qb7 Qe5 38. Qd7 Ne2 39. Rxg7+ Qxg7 40. Qxe8+ Qf8 41. Qxf8# 1-0


[Site "https://www.chess.com"]

[Event "Titled Tuesday Blitz June 13 Early 2023"]
[White "Chen, Justin"]
[Black "Erigaisi Arjun"]
[WhiteFideId "2098199"]
[BlackFideId "35009192"]
[WhiteElo "2289"]
[BlackElo "2719"]
[Result "1-0"]
[Round "2"]
[TimeControl "180+2"]
[Date "2023.06.13"]
[WhiteClock "0:00:06"]
[BlackClock "0:00:33"]
[Board "13"]

1. d4 d6 2. Nf3 g6 3. e4 Bg7 4. Bc4 Nc6 5. c3 Nf6 6. Nbd2 Nxe4 7. Nxe4 d5 8. Bd3 dxe4 9. Bxe4 Bf5 10. Bxf5 gxf5 11. d5 Ne5 12. Nxe5 Bxe5 13. Qb3 b6 14. Be3 Qd7 15. O-O-O O-O-O 16. Rhe1 Rhg8 17. g3 Bf6 18. Qc4 Kb7 19. h3 h5 20. Bd4 Bxd4 21. Qxd4 Rg6 22. Qe5 Re8 23. Re3 Rd6 24. Red3 Rd8 25. h4 a5 26. a3 Ka7 27. R1d2 Kb8 28. Rd1 Rg6 29. R1d2 Rg4 30. Re3 e6 31. Red3 Re4 32. dxe6 Qxd3 33. Rxd3 Rxd3 34. Qh8+ Ka7 35. exf7 Re1+ 36. Kc2 Re2+ 37. Kxd3 1-0


[Site "https://www.chess.com"]

[Event "Titled Tuesday Blitz June 13 Early 2023"]
[White "Deac, Bogdan-Daniel"]
[Black "Agibileg, Uurtsaikh"]
[WhiteFideId "1226380"]
[BlackFideId "4901606"]
[WhiteElo "2644"]
[BlackElo "2353"]
[Result "1-0"]
[Round "2"]
[TimeControl "180+2"]
[Date "2023.06.13"]
[WhiteClock "0:00:45"]
[BlackClock "0:00:47"]
[Board "14"]

1. b3 e5 2. Bb2 d6 3. e3 Nf6 4. Ne2 Be7 5. f4 O-O 6. fxe5 dxe5 7. Ng3 Nfd7 8. Bc4 Bh4 9. O-O Bxg3 10. hxg3 Qg5 11. Qf3 Nf6 12. Nc3 Qg6 13. Ba3 Bg4 14. Qxb7 Nbd7 15. Bxf8 Rxf8 16. Nd5 Nxd5 17. Qxd5 Be6 18. Qc6 Nb8 19. Qxc7 Bxc4 20. Qxc4 Qxg3 21. Rxf7 Rxf7 22. Rf1 1-0


[Site "https://www.chess.com"]

[Event "Titled Tuesday Blitz June 13 Early 2023"]
[White "Arabidze, Meri"]
[Black "Shimanov, Aleksandr"]
[WhiteFideId "13604040"]
[BlackFideId "4198603"]
[WhiteElo "2405"]
[BlackElo "2631"]
[Result "1/2-1/2"]
[Round "2"]
[TimeControl "180+2"]
[Date "2023.06.13"]
[WhiteClock "0:00:10"]
[BlackClock "0:00:06"]
[Board "15"]

1. d4 Nf6 2. c4 d6 3. Nf3 g6 4. g3 Bg7 5. Bg2 O-O 6. O-O Nc6 7. Nc3 e5 8. dxe5 dxe5 9. Bg5 h6 10. Qxd8 Rxd8 11. Bxf6 Bxf6 12. Nd5 Bg7 13. Nxc7 Rb8 14. e4 Bg4 15. Nd5 Bxf3 16. Bxf3 Nd4 17. Bg4 h5 18. Bh3 Nf3+ 19. Kg2 Nd2 20. Rfe1 Nxc4 21. b3 Nd6 22. Rac1 Kf8 23. f3 Nb5 24. Rc4 Bh6 25. f4 exf4 26. gxf4 Nd6 27. Rc7 Ne8 28. Rc2 Rd6 29. f5 g5 30. Kf1 g4 31. Bg2 Nf6 32. Nxf6 Rxf6 33. Rd1 Bf4 34. Kg1 Rd6 35. Rxd6 Bxd6 36. Bf1 Ke7 37. Bc4 h4 38. Bd5 b6 39. f6+ Kxf6 40. Rf2+ Ke5 41. Rxf7 h3 42. Rf5+ Kd4 43. Rg5 Rf8 44. Rxg4 Bc5 45. b4 Bxb4 46. Rg3 Rh8 47. Kf2 Bd6 48. Rg8 Rh6 49. Rd8 Bxh2 50. Be6+ Kxe4 51. Bc8 Bd6 52. Bb7+ Ke5 53. Re8+ Kf6 54. Bc8 h2 55. Re6+ Kg7 56. Rxh6 Kxh6 57. Kg2 Kg5 58. Be6 Be5 59. Bd5 Kf6 60. a4 Ke7 61. Bc6 Kd6 62. Bb5 Kc5 63. Be8 Kb4 64. Bc6 Bd6 65. Bd7 Ka5 66. Be8 Bc7 67. Bd7 Bb8 68. Be8 Be5 69. Bd7 Bf4 70. Be8 Bb8 71. Bd7 Bg3 72. Be8 Kb4 73. Bd7 Kc5 74. Be8 Kd4 75. Bd7 Kc3 76. Kh1 Kb2 77. Be8 Ka3 78. Bd7 a6 79. Be8 Kb4 80. Bd7 Kc5 81. Be8 Kd6 82. Kg2 Kc7 83. Kh1 Kd8 84. Bc6 Kc8 85. Kg2 Bf4 86. Kh1 Kc7 87. Be8 Kd6 88. Kg2 Kc5 89. Bd7 Bc7 90. Be8 Bd8 91. Bd7 Kd6 92. Be8 Ke7 93. Bc6 Kf8 94. Kxh2 Kg7 95. Kg2 Kh6 96. Kf3 Kg5 97. Ke4 Be7 98. Kd3 a5 99. Bb5 Bc5 100. Kc4 Kf4 1/2-1/2


[Site "https://www.chess.com"]

[Event "Titled Tuesday Blitz June 13 Early 2023"]
[White "Sviridov, Valery"]
[Black "Miranda, Rafael"]
[WhiteFideId "4120680"]
[BlackFideId "130990"]
[WhiteElo "2457"]
[BlackElo "2204"]
[Result "1-0"]
[Round "2"]
[TimeControl "180+2"]
[Date "2023.06.13"]
[WhiteClock "0:01:46"]
[BlackClock "0:00:48"]
[Board "16"]

1. d4 Nf6 2. Nf3 d5 3. c4 e6 4. g3 Be7 5. Bg2 O-O 6. O-O c6 7. Qc2 b6 8. Rd1 Bb7 9. b3 Nbd7 10. Nc3 Qc8 11. Bb2 c5 12. cxd5 Nxd5 13. Nxd5 Bxd5 14. e4 Bb7 15. d5 exd5 16. exd5 Bf6 17. h4 Bxb2 18. Qxb2 Nf6 19. Ne5 Rd8 20. Nc6 Rd7 21. Bh3 Bxc6 22. dxc6 Rxd1+ 23. Rxd1 Qxh3 24. c7 Nd7 25. Qd2 Re8 26. Qe2 Rxe2 27. c8=Q+ Re8 28. Qxe8+ Nf8 29. Rd8 1-0


[Site "https://www.chess.com"]

[Event "Titled Tuesday Blitz June 13 Early 2023"]
[White "Ivanchuk, Vasyl"]
[Black "Belov, Alexei"]
[WhiteFideId "14100010"]
[BlackFideId "4128206"]
[WhiteElo "2710"]
[BlackElo "2635"]
[Result "1-0"]
[Round "2"]
[TimeControl "180+2"]
[Date "2023.06.13"]
[WhiteClock "0:00:20"]
[BlackClock "0:00:00"]
[Board "17"]

1. d4 e6 2. Nf3 d5 3. c4 Nf6 4. e3 Be7 5. b3 O-O 6. Bb2 Nbd7 7. Nbd2 c5 8. cxd5 Nxd5 9. Bc4 N7b6 10. Be2 Bd7 11. dxc5 Bxc5 12. O-O f6 13. Rc1 Qe7 14. Ne4 Bb4 15. Qc2 Rac8 16. Qb1 e5 17. Rxc8 Rxc8 18. Rc1 Rxc1+ 19. Qxc1 Be6 20. a3 Bd6 21. Nxd6 Qxd6 22. Nd2 Qc7 23. Qxc7 Nxc7 24. f3 Kf7 25. Kf2 Ke7 26. a4 Nbd5 27. Ba3+ Kd7 28. e4 Nc3 29. Bd3 a5 30. Ke1 b5 31. Bb2 b4 32. Nc4 Bxc4 33. Bxc4 Na2 34. Kd2 Ne6 35. g3 Kd6 36. Ke3 Nc5 37. h4 Nc3 38. Kd2 Na2 39. Kc2 h6 40. Bd5 g5 41. h5 Nd7 42. Kd3 Nb6 43. Bg8 Kc5 44. f4 gxf4 45. gxf4 Nc3 46. fxe5 fxe5 47. Bc1 1-0


[Site "https://www.chess.com"]

[Event "Titled Tuesday Blitz June 13 Early 2023"]
[White "Vlassov, Nikolai"]
[Black "Lenderman, Aleksandr"]
[WhiteFideId "4103360"]
[BlackFideId "2021285"]
[WhiteElo "2324"]
[BlackElo "2607"]
[Result "0-1"]
[Round "2"]
[TimeControl "180+2"]
[Date "2023.06.13"]
[WhiteClock "0:00:00"]
[BlackClock "0:01:23"]
[Board "18"]

1. e4 d5 2. exd5 Nf6 3. Bb5+ Bd7 4. Bc4 Bg4 5. f3 Bf5 6. g4 Bc8 7. Nc3 Nbd7 8. Qe2 Nb6 9. Qd3 Nxc4 10. Qxc4 e6 11. dxe6 Bxe6 12. Qa4+ Bd7 13. Qb3 Bc6 14. g5 Nd5 15. d3 Bc5 16. Ne4 Be7 17. Ne2 O-O 18. Nd4 Qd7 19. Nxc6 Qxc6 20. Bd2 a5 21. O-O-O b5 22. c4 Rfb8 23. Qc2 bxc4 24. dxc4 Nb6 25. c5 Nd5 26. h4 a4 27. h5 Rb5 28. g6 f5 29. gxh7+ Kh8 30. Nc3 Rxc5 31. Kb1 Bf6 32. Rc1 Rb8 0-1


[Site "https://www.chess.com"]

[Event "Titled Tuesday Blitz June 13 Early 2023"]
[White "Henriquez Villagra, Cristobal"]
[Black "Fiorito, Joaquin"]
[WhiteFideId "3409350"]
[BlackFideId "180173"]
[WhiteElo "2542"]
[BlackElo "2199"]
[Result "1-0"]
[Round "2"]
[TimeControl "180+2"]
[Date "2023.06.13"]
[WhiteClock "0:00:53"]
[BlackClock "0:00:00"]
[Board "19"]

1. g3 d5 2. Bg2 Nf6 3. f4 c5 4. Nf3 Nc6 5. O-O Bf5 6. d3 h6 7. Ne5 Rc8 8. Nd2 e6 9. Nxc6 Rxc6 10. e4 dxe4 11. dxe4 Qd4+ 12. Kh1 Nxe4 13. Qe2 Nxd2 14. Bxd2 Rb6 15. Bc3 Qa4 16. Rad1 Be7 17. g4 Bxc2 18. Rd2 Bh7 19. Qe5 1-0


[Site "https://www.chess.com"]

[Event "Titled Tuesday Blitz June 13 Early 2023"]
[White "Altman, Joshua"]
[Black "Bortnyk, Olexandr"]
[WhiteFideId "426210"]
[BlackFideId "14120828"]
[WhiteElo "2028"]
[BlackElo "2733"]
[Result "0-1"]
[Round "2"]
[TimeControl "180+2"]
[Date "2023.06.13"]
[WhiteClock "0:00:18"]
[BlackClock "0:00:11"]
[Board "20"]

1. d4 d6 2. Nf3 Nf6 3. c4 g6 4. Nc3 Bf5 5. Bg5 Bg7 6. e3 O-O 7. Bd3 Bxd3 8. Qxd3 c6 9. O-O Nbd7 10. h3 Re8 11. Rfd1 a5 12. Rac1 a4 13. a3 Qa5 14. Bh4 e5 15. dxe5 dxe5 16. Nd2 Nc5 17. Qc2 Rad8 18. Nce4 Ncxe4 19. Nxe4 Rxd1+ 20. Rxd1 Nxe4 21. Qxe4 Qb6 22. Qc2 e4 23. Qxa4 Qxb2 24. Rd7 Be5 25. Bg3 Bxg3 26. fxg3 Qc1+ 27. Kf2 Re6 28. Rd1 Rf6+ 29. Kg1 Qxe3+ 30. Kh2 Kg7 31. Qb4 b6 32. Qb2 Qf2 33. Qe5 Qf5 34. Qb8 Re6 35. Rd8 e3 36. Rg8+ Kh6 37. Qf8+ Kg5 38. h4+ Kg4 39. Qb4 e2 40. c5+ Re4 41. Qe1 Qf1 42. Qd2 h6 43. Qxh6 Qg1+ 44. Kxg1 e1=Q+ 45. Kh2 Qxg3+ 46. Kh1 Re1# 0-1


[Site "https://www.chess.com"]